 Dungeon Crawl Stone Soup version 0.29.1-2-gbd0b4ee654 (webtiles) character file.

Game seed: 14412074658719282606

2185 sanboga the Basher (level 9, -2/81 HPs)
             Began as a Minotaur Monk on Nov 20, 2022.
             Slain by a hound (5 damage)
             ... on level 6 of the Dungeon.
             The game lasted 00:08:57 (7125 turns).

sanboga the Basher (Minotaur Monk)                  Turns: 7125, Time: 00:08:58

Health: -2/81      AC: 10    Str: 20    XL:     9   Next: 11%
Magic:  8/8        EV:  9    Int:  7    God:
Gold:   84         SH:  0    Dex: 13    Spells: 8/8 levels left

rFire   . . .      SeeInvis .   k - +0 flail (vamp)
rCold   . . .      Faith    .   (no shield)
rNeg    . . .      Spirit   .   d - +0 chain mail
rPois   .          Reflect  .   (helmet restricted)
rElec   .          Harm     .   (no cloak)
rCorr   .          Rampage  .   (no gloves)
Will    .....                   (no boots)
Stlth   ..........              (no amulet)
HPRegen 0.23/turn               (no ring)
MPRegen 0.11/turn               (no ring)

@: no status effects
A: horns 2, retaliatory headbutt
a: no special abilities


You were on level 6 of the Dungeon.
You visited 1 branch of the dungeon, and saw 6 of its levels.
You also visited: Sewer.

You collected 264 gold pieces.
You spent 180 gold pieces at shops.

Inventory:

Hand Weapons
 k - a +0 vampiric flail (weapon)
Armour
 d - a +0 chain mail (worn)
Wands
 h - a wand of roots (18)
 j - a wand of polymorph (7)
 l - a wand of quicksilver (9)
Scrolls
 a - a scroll of vulnerability {unknown}
 b - a scroll of enchant weapon {unknown}
 g - a scroll of butterflies
 n - 2 scrolls of identify
 p - a scroll of brand weapon
Potions
 c - a potion of ambrosia
 e - a potion of lignification {unknown}
 f - 2 potions of curing
 i - 2 potions of mutation {unknown}
 m - a potion of heal wounds
 o - 3 potions of flight


   Skills:
 + Level 8.1 Fighting
 * Level 10.9 Maces & Flails
 + Level 7.0 Armour
 - Level 3.2 Dodging
 - Level 1.5 Stealth


You had 8 spell levels left.
You didn't know any spells.
Your spell library contained the following spells:

 Spells                   Type           Power      Damage    Failure   Level
 Magic Dart               Conj           0%         1d3       98%         1
 Necrotise                Necr           0%         1d4       98%         1
 Call Imp                 Summ           0%         N/A       99%         2
 Dazzling Flash           Conj/Hex       0%         N/A       100%        3
 Mephitic Cloud           Conj/Pois/Air  0%         N/A       100%        3
 Ozocubu's Armour         Ice            0%         N/A       100%        3
 Vampiric Draining        Necr           0%         2d6       100%        3
 Iskenderun's Mystic Bla  Conj/Tloc      0%         2d3       100%        4
 Agony                    Necr           0%         N/A       100%        5
 Metabolic Englaciation   Hex/Ice        0%         N/A       100%        5
 Simulacrum               Ice/Necr       0%         N/A       100%        6
 Starburst                Conj/Fire      0%         6d3       100%        6
 Ozocubu's Refrigeration  Ice            0%         4d7       100%        7


Dungeon Overview and Level Annotations

Branches:
Dungeon (6/15)              Sewer (visited)
 Temple: D:4-7

Altars:
Ashenzari
Dithmenos
Nemelex Xobeh

Shops:
D:3 !

Annotations:
D:4 3 runed translucent doors, styxcanada's ghost, amateur SpBr
D:6 Blork the orc; Dowan; Duvessa; Eustachio


Innate Abilities, Weirdness & Mutations

You have a pair of horns on your head.
You reflexively headbutt those who attack you in melee.


Message History

* * * LOW HITPOINT WARNING * * *
The hound closely misses you.
You hit the hound.
The hound is lightly wounded.
The hound closely misses you.
The orc hits you from afar with a +0 trident.
* * * LOW HITPOINT WARNING * * *
You closely miss the centaur.
The centaur unwields a +0 shortbow.
The centaur wields a +0 long sword.
The centaur barely misses you. The centaur closely misses you.
The hound bites you but does no damage.
You sock the centaur!
You feel better.
The centaur is moderately wounded.
The centaur hits you but does no damage.
The centaur kicks you but does no damage.
The hound bites you but does no damage. The bullfrog barely misses you.
You furiously retaliate!
You headbutt the bullfrog! The orc closely misses you.
The orc wizard casts a spell at you.
The magic dart hits you but does no damage.
The centaur hits you but does no damage.
The centaur misses you. The two-headed ogre barely misses you.
The two-headed ogre completely misses you.
You barely miss the centaur.
The centaur is moderately wounded.
The hound bites you.
* * * LOW HITPOINT WARNING * * *
The bullfrog hits you.
* * * LOW HITPOINT WARNING * * *
The orc wizard hits you but does no damage.
The orc hits you but does no damage.
The centaur hits you but does no damage.
The centaur kicks you but does no damage.
The hound bites you.
* * * LOW HITPOINT WARNING * * *
The bullfrog closely misses you.
You barely miss the two-headed ogre. Your punch misses the two-headed ogre.
The two-headed ogre is lightly wounded.
The centaur hits you but does no damage.
The centaur kicks you but does no damage.
The hound bites you.
You die...

...............).....#
......#....#.........#
......#....#รทรท.......#
......#....#.).......#
......#..^.#.....b...#
,...,,#....'.........#
,,,,,,#....#.O..b....#
,,,,,,,,,,,#....h....#
,*,,,*,,,,,#...F@c...#
,,*,*,,,,,,#..b.oO...#
,,,*,,,,,,,#b...b.o..#
,,,,,,,****#.........#
,*,,,*,,,,....b......#
,,*,*,,,,............#
,,,*,,,,,..>.........#
,,,,,,,,,............#
,*,,,*,,,,,,,,,,,,,,,*


You could see a two-headed ogre, an ogre, a bullfrog, a centaur, a hound (ally
target), an orc wizard and an orc (ally target, reflecting).

Vanquished Creatures
  Pikel (D:6)
  Grinder (D:3)
  2 water moccasins
  A black bear (D:5)
  2 ogres
  A phantom (D:6)
  A kobold brigand (Sewer)
  A scorpion (D:5)
  A necrophage (D:5)
  A gnoll sergeant (D:5)
  A hound (D:6)
  An orc priest (D:4)
  5 jellies
  Jessica (D:3)
  Terence (D:3)
  4 orc wizards
  3 iguanas
  Robin (D:3)
  5 adders
  4 gnolls (D:5)
  5 river rats
  A worm (D:3)
  A dart slug (D:1)
  15 orcs
  4 bats
  19 endoplasms
  6 giant cockroaches
  17 goblins
  8 hobgoblins
  9 jackals
  19 kobolds
  3 quokkas
  7 ball pythons
  2 frilled lizards
  9 rats
163 creatures vanquished.

Vanquished Creatures (others)
  11 fungi (D:3)
  5 toadstools (D:3)
16 creatures vanquished.

Grand Total: 179 creatures vanquished

Notes
Turn   | Place    | Note
-------+----------+-------------------------------------------
     0 | D:1      | sanboga the Minotaur Monk began the quest for the Orb.
     0 | D:1      | Reached XP level 1. HP: 19/19 MP: 0/0
    86 | D:1      | Reached skill level 4 in Maces & Flails
    86 | D:1      | Reached XP level 2. HP: 25/27 MP: 1/1
   199 | D:1      | Reached skill level 1 in Armour
   443 | D:1      | Reached XP level 3. HP: 32/33 MP: 2/2
   841 | D:2      | Found a sparkling altar of Nemelex Xobeh.
  1770 | D:3      | Reached XP level 4. HP: 40/40 MP: 3/3
  1810 | D:3      | Reached skill level 5 in Maces & Flails
  2018 | D:3      | Noticed Jessica
  2035 | D:3      | Killed Jessica
  2264 | D:3      | Noticed Terence
  2273 | D:3      | Killed Terence
  2532 | D:3      | Noticed Robin
  2555 | D:3      | Reached XP level 5. HP: 41/47 MP: 4/4
  2599 | D:3      | Killed Robin
  2734 | D:3      | Found Neitinoa's Distillery.
  2742 | D:3      | Bought a potion of berserk rage for 60 gold pieces
  2742 | D:3      | Bought a potion of curing for 36 gold pieces
  2804 | D:3      | Noticed Grinder
  2822 | D:3      | Killed Grinder
  2823 | D:3      | Reached skill level 5 in Fighting
  2823 | D:3      | Reached skill level 6 in Maces & Flails
  2823 | D:3      | Reached XP level 6. HP: 56/56 MP: 5/5
  3106 | D:3      | Reached skill level 7 in Maces & Flails
  3577 | D:3      | Bought a potion of attraction for 36 gold pieces
  3826 | D:4      | Reached XP level 7. HP: 55/62 MP: 6/6
  3905 | D:4      | Found a runed translucent gate.
  3905 | D:4      | Found a runed translucent gate.
  3905 | D:4      | Found a runed translucent gate.
  3910 | D:4      | Noticed styxcanada's ghost (amateur SpBr)
  4165 | D:5      | Entered Level 5 of the Dungeon
  4531 | D:5      | Reached skill level 8 in Maces & Flails
  4623 | D:5      | Reached skill level 5 in Armour
  4833 | D:3      | Bought a potion of brilliance for 48 gold pieces
  5361 | D:5      | Reached XP level 8. HP: 51/71 MP: 7/7
  5663 | D:5      | Reached skill level 9 in Maces & Flails
  5758 | D:5      | Found a shadowy altar of Dithmenos.
  6410 | D:6      | Noticed Pikel
  6436 | D:6      | Killed Pikel
  6437 | D:6      | Reached skill level 10 in Maces & Flails
  6465 | D:6      | Noticed Duvessa
  6467 | D:6      | Noticed Dowan
  6471 | D:6      | Found a broken altar of Ashenzari.
  6471 | D:6      | Noticed Blork the orc
  6471 | D:6      | Noticed Eustachio
  6476 | D:6      | Found a glowing drain.
  6519 | Sewer    | Entered a sewer
  6902 | Sewer    | Found a glowing silver altar of Zin.
  7006 | D:6      | Reached XP level 9. HP: 17/81 MP: 8/8
  7108 | D:6      | Noticed a two-headed ogre
  7121 | D:6      | HP: 4/81 [orc/+0 trident (4)]
  7125 | D:6      | Slain by a hound

Illustrated notes

Levels and vault maps discovered:
D:1:      dpeg_arrival_pits, layout_loops_ring
D:2:      layout_loops_corners, basic_altar
D:3:      cheibrodos_fertilizer, layout_loops_corners, serial_shops, shop,
          kennysheep_jessica_study, uniq_terence, uniq_jessica, uniq_robin,
          uniq_grinder
D:4:      layout_basic, gammafunk_ghost_split, due_unseen_surprise
D:5:      layout_loops_corners, mainiacjoe_overflow_alcove_1
D:6:      cheibrodos_fzero, layout_gridville, mainiacjoe_overflow_catwalk,
          portal_sewer_entry_a, uniq_pikel, uniq_duvessa, uniq_blork_the_orc,
          uniq_eustachio

Skill      XL: |  1  2  3  4  5  6  7  8  9 |
---------------+----------------------------+-----
Maces & Flails | 4 5 6 7 8 10 | 10.9
Armour         | 1 2 3 4 5 6 7 |  7.0
Fighting       | 4 5 6 8 |  8.1
Dodging        | |  3.2
Stealth        | |  1.5

Action                   |  1- 3 |  4- 6 |  7- 9 || total
-------------------------+-------+-------+-------++-------
Melee: Mace              |    77 |    22 |       ||    99
       Headbutt          |    17 |    19 |    30 ||    66
       Flail             |       |   110 |   208 ||   318
       Punch             |       |     1 |     3 ||     4
Evoke: Wand              |       |       |     6 ||     6
  Use: Scroll            |       |     3 |     5 ||     8
       Potion            |       |       |     4 ||     4
 Stab: Sleeping          |     3 |       |       ||     3
Armor: Robe              |     5 |       |       ||     5
       Chain mail        |    28 |    70 |   126 ||   224
       Skin              |       |       |    42 ||    42
Dodge: Dodged            |    26 |    47 |   126 ||   199
